Map: Acid Plant LE

Players

Harstem

  • Race: Protoss Protoss
  • Spawn Location: 5:00

Snute - Winner!

  • Race: Zerg Zerg
  • Spawn Location: 11:00

Event: WCS Montreal 2018

VOD

Have the link to the VOD?

Description

Time

  • Played on: Sept. 7, 2018, 7:20 p.m.
  • Length: 9:33

All games in this series

Show
View Real Time Build Order
Export as new Build Order

Harstem Protoss 

Build Orders: 1 Gate Expand, Oracle Opening, Phoenix Opening, Mass Phoenix 

Get SALT Encoding   

  12  0:00  Probe  
  13  0:12  Probe  
  14  0:17  Pylon  
  14  0:24  Probe  
  15  0:32  Assimilator, Probe  
  15  0:40  Probe  
  16  0:48  Gateway  
  17  0:51  Probe  
  18  1:03  Probe  
  19  1:15  Probe  
  20  1:25  Nexus  
  20  1:35  Cybernetics Core  
  20  1:36  Probe  
  21  1:42  Assimilator  
  21  1:48  Probe  
  21  1:52  Pylon  
  22  2:00  Probe  
  23  2:02  Adept  
  23  2:13  Probe  
  23  2:14  Stargate  
  26  2:24  Warp Gate  
  26  2:25  Probe  
  26  2:28  Adept  
  29  2:33  Probe  
  31  2:37  Probe  
  31  2:42  Probe  
  31  2:49  Phoenix, Probe  
  33  2:51  Probe  
  36  3:01  Probe  
  36  3:03  Probe, Oracle  
  38  3:10  Gateway  
  38  3:13  Probe  
  38  3:15  Probe  
  43  3:21  Pylon  
  43  3:25  Probe  
  44  3:28  Probe  
  44  3:33  Assimilator  
  45  3:37  Assimilator, Probe  
  45  3:40  Probe  
  47  3:41  Stargate  
  47  3:49  Probe  
  47  3:50  Pylon  
  47  3:52  Probe  
  47  3:55  Pylon  
  49  4:00  Phoenix  
  49  4:01  Probe  
  52  4:04  Probe  
  53  4:13  Probe  
  53  4:16  Probe  
  55  4:17  Stargate  
  55  4:22  Pylon  
  55  4:25  Phoenix  
  55  4:26  Probe  
  55  4:28  Probe  
  59  4:36  Adept  
  59  4:37  Adept, Phoenix  
  59  4:38  Probe  
  66  4:47  Pylon  
  66  4:49  Probe  
  66  4:50  Phoenix  
  69  4:57  Phoenix  
  69  5:02  Nexus  
  71  5:12  Phoenix  
  71  5:13  Probe x2  
  75  5:18  Pylon  
  75  5:21  Phoenix  
  75  5:22  Phoenix  
  75  5:25  Probe  
  75  5:27  Probe  
  78  5:35  Protoss Air Weapons Level 1  
  80  5:37  Probe  
  80  5:40  Probe  
  82  5:45  Phoenix  
  82  5:49  Probe  
  85  5:51  Zealot  
  85  5:52  Probe  
  88  5:58  Phoenix  
  88  6:01  Shield Battery, Probe  
  88  6:04  Probe  
  92  6:13  Probe  
  92  6:15  Phoenix x2  
  92  6:16  Probe  
  98  6:23  Phoenix  
  101  6:25  Probe  
  101  6:28  Probe  
  101  6:30  Zealot x2  
  98  6:37  Probe x2  
  98  6:38  Oracle  
  98  6:39  Phoenix  
  99  6:40  Probe  
  102  6:49  Probe  
  102  6:51  Zealot x2  
  102  6:52  Probe  
  100  6:55  Probe  
  100  6:57  Shield Battery  
  100  7:00  Pylon, Oracle  
  99  7:02  Probe  
  99  7:04  Oracle  
  99  7:06  Pylon  
  98  7:12  Zealot x2  
  98  7:15  Probe  
  104  7:17  Pylon  
  104  7:20  Probe  
  104  7:21  Probe  
  106  7:28  Probe  
  107  7:32  Probe  
  107  7:33  Fleet Beacon  
  107  7:37  Zealot x2  
  110  7:46  Probe  
  111  7:54  Probe  
  112  7:58  Phoenix  
  112  8:00  Zealot  
  116  8:07  Probe  
  116  8:12  Assimilator  
  117  8:17  Pylon  
  117  8:20  Pylon, Assimilator  
  117  8:22  Pylon x2  
  117  8:27  Forge  
  117  8:34  Pylon  
  117  8:35  Probe x2  
  125  8:42  Zealot x2  
  125  8:46  Phoenix x3  
  125  8:47  Probe  
  130  8:50  Gateway  
  130  8:51  Shield Battery  
  130  8:52  Pylon x2  
  130  8:54  Gateway  
  128  8:58  Shield Battery  
  126  9:06  Phoenix  
  126  9:07  Phoenix  
  117  9:13  Zealot x2  
  108  9:18  Probe  
  108  9:20  Probe  
Show
View Real Time Build Order
Export as new Build Order

Snute Zerg - Winner!

Build Orders: Hatch First 

Get SALT Encoding   

  12  0:00  Drone  
  13  0:12  Overlord  
  13  0:17  Drone  
  14  0:30  Drone  
  15  0:44  Hatchery  
  15  0:48  Drone  
  15  0:52  Drone  
  15  0:56  Drone  
  17  0:59  Drone  
  18  1:10  Extractor  
  17  1:15  Spawning Pool  
  17  1:17  Drone  
  17  1:21  Drone  
  18  1:31  Drone  
  19  1:42  Overlord  
  19  1:53  Drone  
  20  1:56  Drone  
  21  2:02  Queen  
  21  2:03  Queen  
  21  2:04  Drone  
  21  2:07  Drone  
  27  2:14  Metabolic Boost  
  27  2:16  Drone  
  27  2:18  Drone  
  29  2:25  Zergling x2  
  29  2:28  Zergling x2  
  31  2:36  Drone  
  32  2:42  Hatchery  
  31  2:45  Drone  
  31  2:46  Overlord  
  32  2:53  Queen  
  32  2:54  Drone  
  35  3:01  Drone  
  35  3:05  Drone  
  37  3:08  Drone  
  37  3:09  Drone x2  
  37  3:11  Drone x2  
  42  3:20  Overlord  
  42  3:22  Drone  
  43  3:32  Overlord  
  43  3:33  Drone  
  44  3:41  Overlord  
  44  3:42  Lair  
  44  3:49  Spore Crawler  
  44  3:50  Drone  
  44  3:51  Spore Crawler, Drone x5  
  44  3:53  Queen  
  44  3:54  Drone  
  51  3:56  Zergling x2  
  51  4:02  Zergling x2  
  53  4:04  Zergling x2  
  53  4:08  Drone  
  55  4:12  Drone  
  55  4:13  Spore Crawler, Drone x2  
  55  4:14  Drone  
  55  4:15  Extractor  
  57  4:17  Extractor  
  57  4:19  Drone x2, Roach Warren  
  57  4:20  Drone  
  59  4:25  Overlord  
  59  4:27  Drone  
  59  4:35  Drone, Overlord  
  59  4:36  Drone x2  
  62  4:38  Drone  
  62  4:43  Overlord  
  63  4:46  Overlord  
  63  4:59  Glial Reconstitution, Overlord  
  62  5:01  Roach x6  
  62  5:05  Roach x2  
  78  5:07  Roach  
  78  5:11  Roach x2  
  78  5:13  Roach  
  86  5:18  Roach x2  
  86  5:21  Roach  
  92  5:26  Roach  
  92  5:27  Roach  
  96  5:28  Roach  
  96  5:33  Overlord  
  96  5:35  Roach x2  
  102  5:36  Overlord x2  
  102  5:41  Overlord  
  102  5:48  Roach  
  102  5:49  Roach  
  106  5:50  Overlord  
  106  5:56  Zergling x12  
  112  5:59  Spore Crawler  
  112  6:01  Spore Crawler, Zergling x2  
  112  6:02  Zergling x6  
  110  6:05  Queen  
  110  6:10  Zergling x6  
  110  6:11  Zergling x2  
  112  6:18  Zergling x6  
  113  6:20  Ravager  
  113  6:23  Zergling x8  
  113  6:27  Ravager  
  113  6:28  Ravager  
  113  6:32  Ravager  
  105  6:35  Zergling x12  
  107  6:41  Drone x3  
  107  6:42  Drone x2  
  107  6:46  Hydralisk Den  
  97  6:52  Drone x3  
  88  6:58  Drone  
  88  7:01  Drone x2, Hatchery  
  82  7:03  Extractor  
  76  7:08  Zergling x6  
  76  7:13  Zergling x2  
  76  7:14  Zergling x10  
  80  7:16  Grooved Spines  
  80  7:21  Spore Crawler  
  79  7:26  Hydralisk x5  
  89  7:33  Hydralisk  
  89  7:35  Hydralisk x3  
  96  7:39  Hydralisk  
  96  7:42  Hydralisk  
  96  7:46  Hydralisk  
  98  7:52  Hydralisk  
  98  7:56  Queen x2  
  98  7:58  Hydralisk  
  103  8:01  Hydralisk  
  105  8:07  Hydralisk  
  106  8:16  Hydralisk x2  
  106  8:19  Zergling x2  
  113  8:20  Zergling x14  
  117  8:29  Hydralisk x3  
  123  8:35  Hydralisk  
  123  8:36  Hydralisk  
  123  8:38  Zergling x8  
  131  8:41  Spore Crawler  
  131  8:43  Zergling x2  
  131  8:45  Zergling x2  
  130  8:58  Zergling x10  
  130  8:59  Overlord  
  126  9:13  Zergling x22  
Tags
 
Add a new tag
Caveats
  • Supply blocks, unpowered buildings, or Contaminate may cause inaccurate times.
  • Supply counts are checked every 10 seconds.